Map: King Sejong Station LE

Players

hOax - Winner!

  • Race: Terran Terran
  • League: Bronze
  • Spawn Location: 5:00

Fropez

  • Race: Protoss Protoss
  • League: Silver
  • Spawn Location: 11:00

VOD

Have the link to the VOD?

Description

Time

  • Played on: June 24, 2016, 11:51 a.m.
  • Length: 13:45
Show
View Real Time Build Order
Export as new Build Order

hOax Terran - Winner!

Build Orders: MMM Bio 

Get SALT Encoding   

  12  0:01  SCV  
  13  0:13  SCV  
  14  0:19  Supply Depot  
  14  0:27  Refinery  
  14  0:29  SCV  
  15  0:42  Barracks  
  15  0:45  SCV  
  16  0:59  SCV  
  17  1:11  SCV  
  18  1:28  Supply Depot  
  18  1:29  Reaper  
  19  1:34  SCV  
  20  1:47  SCV  
  20  1:52  Barracks  
  21  1:58  Barracks  
  21  2:00  SCV  
  22  2:02  Marine  
  23  2:12  Orbital Command  
  23  2:29  Command Center  
  23  2:39  SCV  
  24  2:46  Marine x3  
  28  2:51  SCV  
  28  3:07  SCV  
  28  3:08  Marine  
  28  3:09  Marine  
  31  3:14  Supply Depot  
  31  3:16  Supply Depot  
  31  3:29  Barracks Reactor  
  31  3:31  Barracks Tech Lab  
  31  3:33  SCV  
  31  3:45  Marine, SCV  
  33  3:49  Orbital Command  
  33  3:54  Factory  
  33  3:55  Stimpack  
  33  4:02  SCV  
  34  4:03  Marine  
  34  4:08  Marine x2  
  37  4:10  Marauder  
  39  4:32  SCV  
  39  4:44  Orbital Command  
  38  4:51  SCV  
  38  5:03  Starport  
  38  5:04  Marine x2  
  38  5:06  Barracks Reactor  
  40  5:07  Marauder  
  42  5:23  SCV x2  
  42  5:27  Marine  
  42  5:28  Marine  
  46  5:29  Marauder  
  46  5:34  Refinery  
  48  5:37  Engineering Bay  
  48  5:39  Engineering Bay  
  48  5:44  Supply Depot  
  48  5:46  SCV x2  
  48  5:47  Marine x3, Supply Depot  
  48  5:48  Marine  
  48  5:49  Supply Depot  
  54  5:51  Marauder  
  54  5:56  Factory Tech Lab  
  56  5:59  Starport Reactor, Barracks, Combat Shields  
  56  6:04  SCV x2  
  56  6:05  Marine x3  
  61  6:12  Marauder, Terran Infantry Weapons Level 1  
  63  6:27  Marine x4  
  67  6:33  Marauder  
  62  6:57  Marine x2  
  62  6:58  Marine x2  
  62  6:59  Marauder  
  63  7:20  Marine x3, Marauder  
  68  7:22  Concussive Shells  
  68  7:28  SCV  
  69  7:32  Refinery  
  69  7:40  SCV  
  69  7:41  Marauder  
  71  8:08  Medivac x2  
  71  8:11  Terran Infantry Armor Level 1  
  75  8:15  Marine x2  
  75  8:19  Marine  
  78  8:20  Barracks Reactor  
  78  8:23  SCV x2  
  78  8:24  Marine x2  
  82  8:28  Supply Depot  
  82  8:35  Armory  
  82  8:36  SCV  
  82  8:37  SCV  
  84  8:42  Marauder  
  75  9:15  Marine x4  
  75  9:16  Marine  
  82  9:17  Marauder  
  82  9:18  Medivac  
  82  9:19  Medivac  
  80  9:32  SCV  
  80  9:33  SCV  
  78  9:42  Marine  
  78  9:43  Marine x5  
  78  9:44  Marauder  
  85  9:46  SCV x2  
  87  9:58  SCV  
  88  10:01  SCV  
  88  10:03  Marine x4  
  88  10:04  Marine  
  94  10:14  Supply Depot  
  94  10:35  Siege Tank, SCV  
  98  10:36  Marine x4, Supply Depot  
  98  10:42  Terran Infantry Weapons Level 2  
  102  10:43  Marine  
  102  10:58  Marine x3, Supply Depot, Marauder  
  102  10:59  Marine  
  105  11:29  Marine x5  
  105  11:30  Marauder  
  107  11:48  Marine x2  
Show
View Real Time Build Order
Export as new Build Order

Fropez Protoss 

Build Orders:  

Get SALT Encoding   

  12  0:01  Probe (Chrono Boost)  
  13  0:18  Pylon  
  13  0:19  Probe (Chrono Boost)  
  14  0:26  Assimilator  
  15  0:39  Gateway  
  15  0:41  Probe (Chrono Boost)  
  15  0:52  Probe (Chrono Boost)  
  16  1:02  Probe (Chrono Boost)  
  17  1:13  Probe (Chrono Boost)  
  17  1:14  Pylon  
  18  1:23  Probe (Chrono Boost)  
  19  1:28  Cybernetics Core  
  19  1:34  Probe (Chrono Boost)  
  20  1:42  Pylon  
  20  1:44  Probe (Chrono Boost)  
  21  1:55  Probe (Chrono Boost)  
  22  2:10  Gateway  
  22  2:12  Gateway  
  22  2:13  Warp Gate (Chrono Boost)  
  22  2:18  Adept  
  24  2:23  Probe (Chrono Boost)  
  25  2:34  Mothership Core  
  27  2:52  Adept  
  29  3:02  Assimilator  
  29  3:07  Probe  
  29  3:09  Gateway  
  30  3:19  Pylon, Probe  
  31  3:21  Adept  
  33  3:27  Adept  
  35  3:41  Probe  
  36  3:53  Probe  
  37  4:01  Adept x2  
  41  4:06  Probe  
  44  4:42  Adept  
  38  4:53  Probe  
  39  5:07  Nexus  
  39  5:10  Probe, Assimilator  
  40  5:15  Assimilator  
  40  5:16  Pylon  
  40  5:17  Adept x3  
  40  5:18  Pylon  
  40  5:21  Pylon  
  46  5:22  Probe  
  47  5:38  Adept x4  
  55  5:50  Probe  
  56  6:01  Adept x3  
  56  6:02  Adept  
  52  7:01  Adept x4  
  40  7:03  Probe  
  43  7:10  Probe, Gateway  
  43  7:11  Gateway  
  43  7:13  Forge  
  44  7:22  Probe  
  45  7:24  Adept x4  
  53  7:46  Adept x4  
  59  8:05  Pylon  
  57  8:06  Probe x2  
  57  8:09  Twilight Council, Protoss Ground Weapons Level 1 (Chrono Boost)  
  59  8:16  Pylon  
  59  8:18  Probe  
  60  8:21  Adept x3  
  64  9:01  Stalker x2  
  64  9:02  Stalker x4  
  70  9:06  Probe x2  
  67  9:37  Protoss Ground Armor Level 1 (Chrono Boost)  
  61  9:42  Blink (Chrono Boost)  
  61  9:45  Stalker x4  
  55  9:46  Stalker x2  
  65  9:58  Probe  
  65  9:59  Probe  
  67  10:07  Photon Cannon  
  67  10:10  Probe  
  67  10:11  Pylon  
  68  10:16  Probe  
  69  10:30  Nexus  
  69  10:48  Stalker x5  
  77  11:15  Stalker  
  77  11:16  Stalker x5  
  88  11:21  Photon Cannon  
  88  11:22  Pylon  
  88  11:23  Pylon  
  44  12:11  Zealot  
Tags
 
Composition
MMM Bio
Matchup
PvT
Replay Pack
All Mines
Spawn Locations
Cross Positions
Add a new tag
Caveats
  • Supply blocks, unpowered buildings, or Contaminate may cause inaccurate times.
  • Supply counts are checked every 10 seconds.